 Dungeon Crawl Stone Soup version 0.30-a0-1075-gcd70e7a56d (webtiles) character file.

Game seed: 15498391009418111256

284 ryw the Cudgeller (level 6, -3/47 HPs)
             Began as a Mummy Fighter on Apr 15, 2023.
             Slain by an iguana (5 damage)
             ... on level 3 of the Dungeon.
             The game lasted 00:02:58 (2271 turns).

ryw the Cudgeller (Mummy Fighter)                   Turns: 2271, Time: 00:02:59

Health: -3/47      AC: 14    Str: 21    XL:     6   Next: 7%
Magic:  6/6        EV:  7    Int:  7    God:
Gold:   118        SH:  4    Dex: 12    Spells: 5/5 levels left

rFire   x . .      SeeInvis .    a - +0 flail
rCold   + . .      Faith    +    c - +0 buckler
rNeg    + + +      Spirit   .    f - +3 chain mail
rPois   ∞          Reflect  .    h - +0 helmet of Lust {Fly}
rElec   .          Rampage  .    e - +0 cloak
rCorr   .                        (no gloves)
Will    .....                    (no boots) Stlth
                                 (no amulet)
HPRegen 0.27/turn                (no ring)
MPRegen 0.10/turn                (no ring)

@: flying
A: cold resistance 1, negative energy resistance 3, torment resistance 2, heat
vulnerability 1, in touch with death 1, no potions, faith
a: no special abilities


You were on level 3 of the Dungeon.
You visited 1 branch of the dungeon, and saw 4 of its levels.

You collected 118 gold pieces.

Inventory:

Hand Weapons
 a - a +0 flail (weapon)
Armour
 c - a +0 buckler (worn)
 e - a +0 cloak (worn)
 f - a +3 chain mail (worn)
 h - the +0 helmet of Lust (worn) {Fly}
   (You found it on level 2 of the Dungeon)

   Fly:       It grants you flight.
Scrolls
 b - a scroll of immolation
 d - a scroll of identify
 g - a scroll of fog


   Skills:
 - Level 3.0 Fighting
 + Level 5.3 Maces & Flails
 - Level 2.4 Armour
 - Level 2.4 Shields


You had 5 spell levels left.
You didn't know any spells.
Your spell library was empty.

Dungeon Overview and Level Annotations

Branches:
Dungeon (4/15)
 Temple: D:4-7

Altars:


Innate Abilities, Weirdness & Mutations

You are immune to poison.
Your flesh is cold resistant. (rC+)
You are immune to negative energy. (rN+++)
You are immune to unholy pain and torment.
You are vulnerable to heat. (rF-)
You are in touch with the powers of death.
You do not drink.
You have a special connection with the divine. (Faith)


Message History

The ball python bites you but does no damage.
The ball python constricts you.
The iguana bites you but does no damage.
You hit the ball python.
You kill the ball python!
The dart slug bites you but does no damage.
The iguana bites you but does no damage.
You hit the iguana.
The iguana is moderately wounded.
The iguana barely misses you. The dart slug bites you.
You completely miss the iguana.
The iguana is moderately wounded.
The iguana bites you!
You are too injured to fight recklessly!
You are too injured to fight recklessly!
You are too injured to fight recklessly!
You are too injured to fight recklessly!
You are too injured to fight recklessly!
You are too injured to fight recklessly!
The dart slug barely misses you.
There is a stone staircase leading up here.
The iguana bites you.
You fly upwards.
There is a stone staircase leading down here.
You hit the iguana.
The iguana is heavily wounded.
The iguana bites you but does no damage.
You hit the iguana but do no damage.
The iguana is heavily wounded.
The iguana bites you but does no damage.
You sock the iguana!
The iguana is almost dead.
The iguana bites you!
* * * LOW HITPOINT WARNING * * *
The iguana bites you!
* * * LOW HITPOINT WARNING * * *
You hit the iguana but do no damage.
The iguana is almost dead.
The iguana bites you.
You die...

#.......# ###.....
#.......### #...####
#.........####.###
#...##.##..##..#
#...##)##.....## ##
#...##)#.......#####.
##..##.#.....#.......
##.l##...............
#...@......>...##.#!.
#.######<.....###....
#.# ##........# #...#
#.###....#.#### #...#
#.......##.## #...#
#.......##..#####...)
#.......###.##.......
#.......###.##.......
#.###........#.......


You could see an iguana.

Vanquished Creatures
  A water moccasin (D:3)
  2 orc wizards (D:3)
  4 gnolls
  3 worms
  3 dart slugs
  7 orcs (D:3)
  7 endoplasms
  5 giant cockroaches
  5 goblins
  2 hobgoblins
  2 jackals (D:2)
  A quokka (D:2)
  9 ball pythons
  6 bats
  A frilled lizard (D:3)
  7 kobolds
  2 rats
67 creatures vanquished.

Notes
Turn   | Place    | Note
-------+----------+-------------------------------------------
     0 | D:1      | ryw the Mummy Fighter began the quest for the Orb.
     0 | D:1      | Reached XP level 1. HP: 18/18 MP: 1/1
    42 | D:1      | Reached skill level 2 in Maces & Flails
   100 | D:1      | Reached XP level 2. HP: 24/24 MP: 2/2
   587 | D:2      | Gained mutation: You are in touch with the powers of death.
                  | [Mummy growth]
   587 | D:2      | Reached XP level 3. HP: 29/29 MP: 3/3
   610 | D:2      | Reached skill level 3 in Maces & Flails
  1348 | D:2      | Identified the +0 helmet of Lust {Fly}
  1535 | D:2      | Reached XP level 4. HP: 18/35 MP: 4/4
  1845 | D:3      | Reached skill level 4 in Maces & Flails
  1886 | D:3      | Reached XP level 5. HP: 30/41 MP: 5/5
  2059 | D:3      | Noticed a water moccasin
  2081 | D:3      | Killed a water moccasin
  2082 | D:3      | Reached skill level 5 in Maces & Flails
  2082 | D:3      | Reached XP level 6. HP: 33/47 MP: 6/6
  2270 | D:3      | HP: 2/47 [iguana (11)]
  2271 | D:3      | Slain by an iguana

Illustrated notes

Levels and vault maps discovered:
D:1:      erik_arrival_orb_chamber, layout_basic, st_stairs_13
D:2:      layout_loops_corners
D:3:      layout_rooms
D:4:      layout_rooms, good_gods_mini_temple, minmay_temple_entry_purple_smoke,
          uniq_blork_the_orc

Skill      XL: |  1  2  3  4  5 |
---------------+----------------+-----
Maces & Flails | 2 3 4 5 |  5.3
Fighting       | |  3.0
Armour         | |  2.4
Shields        | |  2.4

Action                     |  1- 3 |  4- 6 || total
---------------------------+-------+-------++-------
  Melee: Flail             |   129 |   103 ||   232
    Use: Scroll            |       |     3 ||     3
 Armour: Scale mail        |    24 |       ||    24
         Chain mail        |    67 |    66 ||   133
  Dodge: Dodged            |    67 |    29 ||    96
  Block: Buckler           |    29 |    20 ||    49

Table legend: (Time is in decaauts)
 A = Elapsed time spent in this place.
 B = Non-inter-level travel time spent in this place.
 C = Inter-level travel time spent in this place.
 D = Time resting spent in this place.
 E = Time spent auto-exploring this place.
 F = Levels seen in this place.
 G = Mean time per level.
                   A        B        C        D        E       F      G
               +--------+--------+--------+--------+--------+-----+--------+
         Total |   2332 |   2255 |     77 |    168 |   1555 |   4 |  583.0 |
       Dungeon |   2332 |   2255 |     77 |    168 |   1555 |   4 |  583.0 |
               +--------+--------+--------+--------+--------+-----+--------+

Top non-repeatable levels by time:
     D:2: 1158 daAuts
     D:3: 592 daAuts
     D:1: 567 daAuts
     D:4: 15 daAuts
